[Event "Ceske Budejovice Open-A 2019"]
[Site "Ceske Budejovice"]
[Date "2019.07.07"]
[Round "9.3"]
[White "Nagy, Gabor"]
[Black "Karasek, Lukas"]
[Result "1/2-1/2"]
[ECO "A05"]
[WhiteElo "2474"]
[BlackElo "2278"]
[Annotator "ChessBase"]
[PlyCount "110"]
[EventDate "2019.07.02"]
[EventCountry "CZE"]
[SourceTitle "playchess.com"]
[Source "ChessBase"]
[SourceQuality "1"]
[TimeControl "5400+30"]

1. Nf3 Nf6 2. c4 g6 3. d4 Bg7 4. Nc3 O-O 5. Bg5 d6 6. e3 h6 7. Bh4 c5 8. Be2 cxd4 9. Nxd4 Nc6 10. O-O Bd7 11. Rc1 a6 12. a3 Rc8 13. b4 Nxd4 14. exd4 b6 15. Re1 Re8 16. Bf1 Bc6 17. h3 Qd7 18. Qd2 a5 19. d5 Bb7 20. Qe3 Qd8 21. Na4 g5 22. Bg3 Nd7 23. h4 e5 24. dxe6 Rxe6 25. Qd2 Ne5 26. hxg5 hxg5 27. Red1 Rh6 28. c5 Qf6 29. f4 gxf4 30. Qxf4 bxc5 31. Qxf6 Rxf6 32. Nb6 Re8 33. Bxe5 Rxe5 34. Nd7 Rxf1+ 35. Kxf1 Rf5+ 36. Kg1 axb4 37. axb4 Bd4+ 38. Kh2 Rh5+ 39. Kg3 Rg5+ 40. Kf4 Rxg2 41. bxc5 Rf2+ 42. Kg3 Rf3+ 43. Kg4 dxc5 44. Nxc5 Bxc5 45. Rxc5 Rf6 46. Rd7 Be4 47. Re5 Bg6 48. Rd8+ Kg7 49. Ree8 Ra6 50. Rg8+ Kf6 51. Rd4 Ra5 52. Rf4+ Ke7 53. Rb8 Rc5 54. Kf3 Rc3+ 55. Ke2 Ra3 1/2-1/2

[Event "Ceske Budejovice Open-A 2019"]
[Site "Ceske Budejovice"]
[Date "2019.07.07"]
[Round "9.5"]
[White "Barrish, Daniel"]
[Black "Richterova, Natasa"]
[Result "1-0"]
[ECO "D30"]
[WhiteElo "2237"]
[BlackElo "2179"]
[Annotator "NA"]
[PlyCount "93"]
[EventDate "2019.07.02"]
[EventCountry "CZE"]
[SourceTitle "playchess.com"]
[Source "ChessBase"]
[SourceQuality "1"]
[TimeControl "5400+30"]

1. d4 d5 2. c4 e6 3. Nf3 c6 4. e3 f5 5. b3 Bd6 6. Bd3 Qe7 7. O-O Nh6 8. Bb2 Nd7 9. Qc1 O-O 10. Ba3 Bxa3 11. Nxa3 Nf6 12. Nc2 Bd7 13. b4 a6 14. c5 Nf7 15. Ne5 g5 16. f4 gxf4 17. exf4 Kh8 18. Qe1 Nxe5 19. dxe5 Ng4 20. h3 Nh6 21. Nd4 Rg8 22. Kh2 Rg7 23. Rg1 Rag8 24. g3 Be8 25. Be2 Rf8 26. a4 Bd7 27. Qc3 Rc8 28. Rg2 Be8 29. Kg1 Bg6 30. Kf2 Nf7 31. Ke1 h6 32. Kd2 Kh7 33. Rag1 Rcg8 34. Kc1 Nd8 35. Kb2 Be8 36. g4 Qh4 37. Nf3 Qe7 38. Bd3 Bg6 39. Nd4 fxg4 40. hxg4 Kh8 41. f5 exf5 42. gxf5 Qxe5 43. fxg6 Rf8 44. Rh1 h5 45. Rgh2 Kg8 46. Rxh5 Rf2+ 47. Kb3 1-0

[Event "Ceske Budejovice Open-A 2019"]
[Site "Ceske Budejovice"]
[Date "2019.07.07"]
[Round "9.6"]
[White "Barak, David"]
[Black "Plischki, Sebastian"]
[Result "0-1"]
[ECO "E53"]
[WhiteElo "2015"]
[BlackElo "2420"]
[Annotator "NA"]
[PlyCount "114"]
[EventDate "2019.07.02"]
[EventCountry "CZE"]
[SourceTitle "playchess.com"]
[Source "ChessBase"]
[SourceQuality "1"]
[TimeControl "5400+30"]

1. d4 Nf6 2. c4 e6 3. Nc3 Bb4 4. e3 d5 5. Nf3 O-O 6. Bd3 c5 7. O-O cxd4 8. exd4 dxc4 9. Bxc4 b6 10. Bg5 Bb7 11. Qe2 Bxc3 12. bxc3 Nbd7 13. Rac1 Qc7 14. Bd3 Ng4 15. Be4 Bxe4 16. Qxe4 Ngf6 17. Qe2 Rac8 18. c4 Qb7 19. Rfe1 Rfe8 20. Qd3 h6 21. Bh4 Qa6 22. Qb3 Rc6 23. Rc3 Rec8 24. Nd2 Qa5 25. Qa3 Qxa3 26. Rxa3 Rd6 27. Bxf6 Nxf6 28. Rd3 Rc5 29. Ree3 Ra5 30. a3 Ra4 31. Re1 b5 32. Rc1 bxc4 33. Rxc4 Rxc4 34. Nxc4 Rc6 35. Rc3 Ne4 36. Rc2 Nd6 37. Ne3 Ra6 38. Ra2 Nb5 39. Nc2 Rd6 40. Kf1 Nxd4 41. Nxd4 Rxd4 42. Ke2 Ra4 43. Kd3 f5 44. Kc3 Kf7 45. Kb3 Rd4 46. Kc3 e5 47. Rb2 Rd7 48. Rb5 Kf6 49. Rb8 e4 50. Rf8+ Ke5 51. Re8+ Kf4 52. Rg8 g5 53. Rf8 Rd3+ 54. Kb4 Rd2 55. g3+ Ke5 56. Rh8 Rxf2 57. Rxh6 f4 0-1

[Event "Ceske Budejovice Open-A 2019"]
[Site "Ceske Budejovice"]
[Date "2019.07.07"]
[Round "9.7"]
[White "Marsalek, Zdenek"]
[Black "Nagy, Ladislav"]
[Result "1/2-1/2"]
[ECO "A46"]
[WhiteElo "2259"]
[BlackElo "2061"]
[Annotator "NA"]
[PlyCount "33"]
[EventDate "2019.07.02"]
[EventCountry "CZE"]
[SourceTitle "playchess.com"]
[Source "ChessBase"]
[SourceQuality "1"]
[TimeControl "5400+30"]

1. d4 Nf6 2. Nf3 e6 3. g3 d5 4. Bg2 b5 5. O-O Bb7 6. b3 Nbd7 7. Nbd2 Bd6 8. Bb2 O-O 9. c4 bxc4 10. bxc4 dxc4 11. Nxc4 Nb6 12. Qc1 Nxc4 13. Qxc4 Bd5 14. Qc2 Qe7 15. Ne5 Bxg2 16. Kxg2 c5 17. dxc5 1/2-1/2

[Event "Ceske Budejovice Open-A 2019"]
[Site "Ceske Budejovice"]
[Date "2019.07.07"]
[Round "9.8"]
[White "Muron, Miroslav"]
[Black "Rolinek, Dominik"]
[Result "1-0"]
[ECO "B00"]
[WhiteElo "2215"]
[BlackElo "2004"]
[Annotator "NA"]
[PlyCount "69"]
[EventDate "2019.07.02"]
[EventCountry "CZE"]
[SourceTitle "playchess.com"]
[Source "ChessBase"]
[SourceQuality "1"]
[TimeControl "5400+30"]

1. e4 d6 2. Nc3 Nf6 3. g3 e5 4. Bg2 Be7 5. d3 O-O 6. Nh3 c6 7. O-O d5 8. Qe2 dxe4 9. dxe4 h6 10. f4 Bc5+ 11. Kh1 exf4 12. gxf4 Bg4 13. Qe1 Re8 14. Qg3 Qc8 15. Nf2 Na6 16. e5 Bxf2 17. Rxf2 Nh5 18. Qe3 Qe6 19. Ne4 Rad8 20. Bd2 b6 21. Rg1 f6 22. Bf3 Bxf3+ 23. Qxf3 Qd5 24. Bc3 f5 25. Nd6 Qxf3+ 26. Rxf3 Re6 27. Nxf5 Rf8 28. Nd4 Nxf4 29. Nxe6 Nxe6 30. Rf6 Rxf6 31. exf6 g5 32. Rd1 Nac5 33. Be5 Kf7 34. b4 Ne4 35. Rd7+ 1-0

[Event "Ceske Budejovice Open-A 2019"]
[Site "Ceske Budejovice"]
[Date "2019.07.07"]
[Round "9.9"]
[White "Vltavsky, Vladimir"]
[Black "Sykora, Ondrej"]
[Result "1-0"]
[ECO "D02"]
[WhiteElo "2179"]
[BlackElo "2065"]
[Annotator "NA"]
[PlyCount "107"]
[EventDate "2019.07.02"]
[EventCountry "CZE"]
[SourceTitle "playchess.com"]
[Source "ChessBase"]
[SourceQuality "1"]
[TimeControl "5400+30"]

1. d4 d5 2. Nf3 Bg4 3. e3 Nc6 4. Be2 e6 5. O-O Bd6 6. b3 Nce7 7. Bb2 Bxf3 8. Bxf3 f5 9. c4 c6 10. Be2 Nf6 11. Nd2 O-O 12. f4 h6 13. Nf3 Ne4 14. Ne5 Kh7 15. Bd3 Bxe5 16. dxe5 c5 17. Qe2 Qc7 18. Rac1 Qa5 19. Qc2 Rac8 20. Rcd1 Rfd8 21. Bxe4 dxe4 22. Rd6 Nc6 23. Bc3 Nb4 24. Qd2 Rxd6 25. exd6 Rd8 26. Rd1 Qb6 27. a3 Nd3 28. Ba5 Qxd6 29. Bxd8 Qxd8 30. b4 Qc7 31. Qc3 b6 32. b5 Qe7 33. Ra1 e5 34. fxe5 Qg5 35. Qd2 Qe7 36. a4 Qxe5 37. Rf1 g5 38. a5 f4 39. axb6 axb6 40. Qa2 Qe7 41. Qe2 Qe6 42. exf4 gxf4 43. g3 Qxc4 44. gxf4 Qd4+ 45. Kh1 e3 46. Qf3 Nf2+ 47. Kg2 Qg7+ 48. Qg3 Ne4 49. Qxg7+ Kxg7 50. Re1 Nc3 51. Rxe3 Nxb5 52. Rb3 Nd4 53. Rxb6 h5 54. Kf2 1-0

[Event "Ceske Budejovice Open-A 2019"]
[Site "Ceske Budejovice"]
[Date "2019.07.07"]
[Round "9.10"]
[White "Mulenko, Alexander"]
[Black "Steiner, Juraj"]
[Result "1/2-1/2"]
[ECO "A00"]
[WhiteElo "2055"]
[BlackElo "1896"]
[Annotator "NA"]
[PlyCount "38"]
[EventDate "2019.07.02"]
[EventCountry "CZE"]
[SourceTitle "playchess.com"]
[Source "ChessBase"]
[SourceQuality "1"]
[TimeControl "5400+30"]

1. g3 Nf6 2. Bg2 d5 3. c4 c6 4. b3 Bg4 5. Bb2 e6 6. Nf3 Nbd7 7. O-O Be7 8. d3 O-O 9. Nbd2 Nc5 10. b4 Ncd7 11. a3 a5 12. Bc3 c5 13. bxc5 Nxc5 14. h3 Bh5 15. g4 Bg6 16. Ne5 Qd6 17. Ndf3 Nfd7 18. Nxg6 hxg6 19. cxd5 exd5 1/2-1/2

[Event "Ceske Budejovice Open-A 2019"]
[Site "Ceske Budejovice"]
[Date "2019.07.07"]
[Round "9.11"]
[White "Placer, Sebastian"]
[Black "Schmid, Thomas"]
[Result "0-1"]
[ECO "E98"]
[WhiteElo "2040"]
[BlackElo "2201"]
[Annotator "NA"]
[PlyCount "48"]
[EventDate "2019.07.02"]
[EventCountry "CZE"]
[SourceTitle "playchess.com"]
[Source "ChessBase"]
[SourceQuality "1"]
[TimeControl "5400+30"]

1. d4 Nf6 2. c4 g6 3. Nc3 Bg7 4. e4 d6 5. Nf3 O-O 6. Be2 e5 7. O-O Nc6 8. d5 Ne7 9. Ne1 Nd7 10. Be3 f5 11. f3 f4 12. Bf2 g5 13. g4 fxg3 14. hxg3 Ng6 15. Ng2 Nf6 16. c5 Rf7 17. cxd6 cxd6 18. Ne3 h5 19. Nc4 Bf8 20. Be3 Nf4 21. gxf4 gxf4 22. Bf2 Rg7+ 23. Kh1 Qd7 24. Bg1 Qh3+ 0-1

[Event "Ceske Budejovice Open-A 2019"]
[Site "Ceske Budejovice"]
[Date "2019.07.07"]
[Round "9.12"]
[White "Brom, Jiri"]
[Black "Glimbrant, Torbjorn"]
[Result "0-1"]
[ECO "D05"]
[WhiteElo "2018"]
[BlackElo "2195"]
[Annotator "NA"]
[PlyCount "72"]
[EventDate "2019.07.02"]
[EventCountry "CZE"]
[SourceTitle "playchess.com"]
[Source "ChessBase"]
[SourceQuality "1"]
[TimeControl "5400+30"]

1. d4 Nf6 2. Nf3 e6 3. e3 d5 4. Bd3 c5 5. b3 cxd4 6. exd4 Bb4+ 7. c3 Bd6 8. O-O Nc6 9. Re1 b6 10. Bg5 h6 11. Bh4 Bb7 12. Nbd2 Rc8 13. Rc1 Ba3 14. Rc2 Be7 15. Ne5 Nxe5 16. dxe5 Nd7 17. Bxe7 Qxe7 18. c4 Nc5 19. Bf1 O-O 20. cxd5 Bxd5 21. b4 Nd7 22. Rxc8 Rxc8 23. Qa4 Nf8 24. g3 Ng6 25. Bg2 Bxg2 26. Kxg2 Qb7+ 27. Nf3 Rc3 28. Qd1 h5 29. h4 Ra3 30. Qd8+ Kh7 31. Qd1 b5 32. Re3 Rxe3 33. fxe3 Nxe5 34. Qc2+ f5 35. e4 Nxf3 36. Kxf3 Kg6 0-1

[Event "Ceske Budejovice Open-A 2019"]
[Site "Ceske Budejovice"]
[Date "2019.07.07"]
[Round "9.13"]
[White "Nejdl, Eduard"]
[Black "Malinovsky, Petr"]
[Result "0-1"]
[ECO "B27"]
[WhiteElo "1995"]
[BlackElo "2058"]
[Annotator "NA"]
[PlyCount "38"]
[EventDate "2019.07.02"]
[EventCountry "CZE"]
[SourceTitle "playchess.com"]
[Source "ChessBase"]
[SourceQuality "1"]
[TimeControl "5400+30"]

1. e4 c5 2. Nf3 g6 3. Bc4 Bg7 4. O-O Nc6 5. c3 e6 6. d4 cxd4 7. cxd4 d5 8. exd5 exd5 9. Bb5 Nge7 10. Nc3 O-O 11. Bg5 h6 12. Bf4 Bg4 13. Be3 Bxf3 14. gxf3 Nf5 15. Bxc6 bxc6 16. Na4 Re8 17. Qd3 Nh4 18. f4 Qd7 19. Kh1 Qh3 0-1

[Event "Ceske Budejovice Open-A 2019"]
[Site "Ceske Budejovice"]
[Date "2019.07.07"]
[Round "9.14"]
[White "Kanka, Matej"]
[Black "Lys, Josef"]
[Result "0-1"]
[ECO "B23"]
[WhiteElo "1858"]
[BlackElo "2149"]
[Annotator "NA"]
[PlyCount "42"]
[EventDate "2019.07.02"]
[EventCountry "CZE"]
[SourceTitle "playchess.com"]
[Source "ChessBase"]
[SourceQuality "1"]
[TimeControl "5400+30"]

1. e4 c5 2. Nc3 e6 3. f4 d5 4. e5 Ne7 5. Nf3 Nbc6 6. Be2 Nf5 7. O-O h5 8. Bd3 Nce7 9. Bb5+ Bd7 10. Bxd7+ Qxd7 11. d4 Nc6 12. Ne2 cxd4 13. Nexd4 Bc5 14. c3 Qc7 15. Kh1 Bxd4 16. Nxd4 Ncxd4 17. cxd4 Qc4 18. Bd2 Qxd4 19. Rc1 O-O 20. Rc3 g6 21. g4 hxg4 0-1

[Event "Ceske Budejovice Open-A 2019"]
[Site "Ceske Budejovice"]
[Date "2019.07.07"]
[Round "9.15"]
[White "Kaspar, Jonas"]
[Black "Puncochar, Jiri"]
[Result "0-1"]
[ECO "C83"]
[WhiteElo "1890"]
[BlackElo "2014"]
[Annotator "NA"]
[PlyCount "110"]
[EventDate "2019.07.02"]
[EventCountry "CZE"]
[SourceTitle "playchess.com"]
[Source "ChessBase"]
[SourceQuality "1"]
[TimeControl "5400+30"]

1. e4 e5 2. Nf3 Nc6 3. Bb5 a6 4. Ba4 Nf6 5. O-O Nxe4 6. d4 b5 7. Bb3 d5 8. dxe5 Be6 9. c3 Be7 10. Nbd2 O-O 11. Bc2 Bf5 12. Nb3 Bg6 13. Be3 Re8 14. Nbd4 Nxd4 15. cxd4 Qd7 16. Qe2 a5 17. a4 c6 18. Rfc1 Reb8 19. Bd3 bxa4 20. Rxa4 c5 21. Rca1 c4 22. Bxe4 Bxe4 23. Rxa5 Rxa5 24. Rxa5 h6 25. Bc1 Qc7 26. Ra2 Qb6 27. Qd1 Qc6 28. Bd2 Bb4 29. Bxb4 Rxb4 30. Nd2 Bg6 31. Qc1 Qb6 32. Qc3 Rb5 33. h3 Bf5 34. Kf1 Bd3+ 35. Kg1 Qg6 36. Ra5 Qb6 37. Rxb5 Qxb5 38. Qa3 Qb6 39. Nf3 Be4 40. Qc3 Bxf3 41. gxf3 Qg6+ 42. Kh2 Qf5 43. Qa3 Qf4+ 44. Kg2 Qxd4 45. Qc3 Qxc3 46. bxc3 d4 47. Kf1 d3 48. f4 g6 49. f3 Kf8 50. Kf2 Ke7 51. Ke3 Ke6 52. Kd2 Kf5 53. Ke3 f6 54. exf6 Kxf6 55. h4 Kf5 0-1

[Event "Ceske Budejovice Open-A 2019"]
[Site "Ceske Budejovice"]
[Date "2019.07.07"]
[Round "9.16"]
[White "Vahala, Tomas"]
[Black "Nezval, Filip"]
[Result "0-1"]
[ECO "A57"]
[WhiteElo "1774"]
[BlackElo "1860"]
[Annotator "NA"]
[PlyCount "106"]
[EventDate "2019.07.02"]
[EventCountry "CZE"]
[SourceTitle "playchess.com"]
[Source "ChessBase"]
[SourceQuality "1"]
[TimeControl "5400+30"]

1. d4 Nf6 2. c4 c5 3. d5 b5 4. cxb5 a6 5. b6 d6 6. Nc3 g6 7. g3 Nbd7 8. Bg2 Nxb6 9. e4 Bg7 10. Nge2 O-O 11. O-O Bb7 12. Rb1 a5 13. a4 Ne8 14. Re1 Nc7 15. Bf4 Nd7 16. Qd2 Na6 17. Bh6 Nb4 18. Bxg7 Kxg7 19. f4 f6 20. h4 Nb6 21. b3 Bc8 22. Rbd1 c4 23. Nd4 cxb3 24. Bf1 Nc2 25. Nxc2 bxc2 26. Qxc2 Bg4 27. Be2 Bxe2 28. Nxe2 Qd7 29. Nd4 Rfc8 30. Nc6 e6 31. Qb3 exd5 32. exd5 Nxd5 33. Qxd5 Rxc6 34. Re7+ Qxe7 35. Qxc6 Rd8 36. Qb6 Rd7 37. Kf2 d5 38. Qxa5 d4 39. Re1 Qd6 40. Qd2 Rc7 41. Rd1 Rd7 42. Qd3 Qd5 43. Qb5 Qa2+ 44. Kf3 Qe6 45. Re1 Qd6 46. Ke2 d3+ 47. Kd2 Qd4 48. Re3 Rc7 49. Rxd3 Qf2+ 50. Kd1 Qc2+ 51. Ke1 Re7+ 52. Kf1 Qe2+ 53. Kg1 Qe1+ 0-1

[Event "Ceske Budejovice Open-A 2019"]
[Site "Ceske Budejovice"]
[Date "2019.07.07"]
[Round "9.17"]
[White "Stehlik, Jiri"]
[Black "Asatryan, Manvel"]
[Result "1/2-1/2"]
[ECO "A48"]
[WhiteElo "1930"]
[BlackElo "1799"]
[Annotator "NA"]
[PlyCount "40"]
[EventDate "2019.07.02"]
[EventCountry "CZE"]
[SourceTitle "playchess.com"]
[Source "ChessBase"]
[SourceQuality "1"]
[TimeControl "5400+30"]

1. d4 Nf6 2. Nf3 g6 3. Nc3 d5 4. Bf4 Bg7 5. e3 Bf5 6. h3 c6 7. Be2 O-O 8. O-O Re8 9. Re1 h6 10. Bh2 Nbd7 11. Nh4 Kh8 12. Nxf5 gxf5 13. Bd3 e6 14. Ne2 Ne4 15. f3 Ng5 16. Nf4 Nf6 17. c3 Rg8 18. Kh1 Bf8 19. Re2 Bd6 20. Qe1 Qf8 1/2-1/2

[Event "Ceske Budejovice Open-A 2019"]
[Site "Ceske Budejovice"]
[Date "2019.07.07"]
[Round "9.18"]
[White "Pavlicek, Adam"]
[Black "Zacek, Petr"]
[Result "1/2-1/2"]
[ECO "D53"]
[WhiteElo "1651"]
[BlackElo "1883"]
[Annotator "NA"]
[PlyCount "74"]
[EventDate "2019.07.02"]
[EventCountry "CZE"]
[SourceTitle "playchess.com"]
[Source "ChessBase"]
[SourceQuality "1"]
[TimeControl "5400+30"]

1. d4 d5 2. c4 e6 3. Nc3 Nf6 4. Bg5 Be7 5. e3 c6 6. Nf3 O-O 7. Bd3 Nbd7 8. O-O Re8 9. Bf4 dxc4 10. Bxc4 Nb6 11. Bb3 Nbd5 12. Bxd5 exd5 13. h3 h6 14. Qc2 Be6 15. Nd2 Rc8 16. Nb3 b6 17. Rfd1 Qd7 18. f3 Bd6 19. Bxd6 Qxd6 20. Qf2 Bf5 21. Rac1 Re6 22. Re1 Rce8 23. Nd2 Qe7 24. Nf1 Nh7 25. Ng3 Bg6 26. e4 f5 27. e5 f4 28. Nge2 Qg5 29. h4 Qf5 30. Red1 Nf8 31. a3 Bh5 32. Na2 Rc8 33. Rc3 Be8 34. Nb4 Rd8 35. Rdc1 c5 36. dxc5 Qxe5 37. Nd4 Rg6 1/2-1/2

[Event "Ceske Budejovice Open-A 2019"]
[Site "Ceske Budejovice"]
[Date "2019.07.07"]
[Round "9.19"]
[White "Szotkowski, David"]
[Black "Tajovsky, Matej"]
[Result "1-0"]
[ECO "A06"]
[WhiteElo "1869"]
[BlackElo "1779"]
[Annotator "NA"]
[PlyCount "53"]
[EventDate "2019.07.02"]
[EventCountry "CZE"]
[SourceTitle "playchess.com"]
[Source "ChessBase"]
[SourceQuality "1"]
[TimeControl "5400+30"]

1. Nf3 d5 2. c4 e6 3. d4 Nf6 4. cxd5 exd5 5. Bg5 Nbd7 6. Nc3 Be7 7. e3 O-O 8. Bd3 c6 9. O-O Re8 10. h3 Nf8 11. Qc2 Ng6 12. a3 a5 13. Ne5 Ne4 14. Bxe7 Qxe7 15. Nxe4 dxe4 16. Bxe4 Nxe5 17. dxe5 g6 18. f4 f6 19. Qb3+ Be6 20. Qc3 Bf7 21. Bc2 fxe5 22. f5 e4 23. fxg6 hxg6 24. Rxf7 Qxf7 25. Bb3 Re6 26. Rf1 Qe7 27. Rf6 1-0

[Event "Ceske Budejovice Open-A 2019"]
[Site "Ceske Budejovice"]
[Date "2019.07.07"]
[Round "9.20"]
[White "Chval, Zdenek"]
[Black "Pavlicek, Petr"]
[Result "0-1"]
[ECO "C60"]
[WhiteElo "2145"]
[BlackElo "1828"]
[Annotator "NA"]
[PlyCount "100"]
[EventDate "2019.07.02"]
[EventCountry "CZE"]
[SourceTitle "playchess.com"]
[Source "ChessBase"]
[SourceQuality "1"]
[TimeControl "5400+30"]

1. e4 e5 2. Nf3 Nc6 3. Bb5 Nge7 4. O-O a6 5. Ba4 g6 6. c3 Bg7 7. d4 exd4 8. cxd4 O-O 9. Nc3 b5 10. Bb3 Na5 11. Bc2 d6 12. h3 c5 13. Bg5 h6 14. Bh4 g5 15. Bg3 Nc4 16. b3 Na3 17. Rc1 Bb7 18. Re1 Rc8 19. Nb1 Nxc2 20. Rxc2 cxd4 21. Rxc8 Nxc8 22. Nxd4 Re8 23. Nf5 Rxe4 24. Rxe4 Bxe4 25. Nxg7 Bxb1 26. Qxb1 Kxg7 27. Qe4 d5 28. Qd4+ f6 29. h4 Kf7 30. Qd3 Kg7 31. h5 Ne7 32. a4 Qe8 33. Bd6 Nc8 34. Bc5 Qe1+ 35. Kh2 Qe4 36. Qc3 Qe5+ 37. Qxe5 fxe5 38. f3 Kf7 39. g3 Ne7 40. Kg2 Ng8 41. axb5 axb5 42. f4 gxf4 43. gxf4 e4 44. Kf2 Ne7 45. Ke3 Nf5+ 46. Kd2 d4 47. Ke2 Ke6 48. Kd2 Kd5 49. Bb6 Ng3 50. Ba7 Nxh5 0-1

[Event "Ceske Budejovice Open-A 2019"]
[Site "Ceske Budejovice"]
[Date "2019.07.07"]
[Round "9.21"]
[White "Rolinkova, Lucie"]
[Black "Stodola, Zdenek"]
[Result "1-0"]
[ECO "A45"]
[WhiteElo "1703"]
[BlackElo "1551"]
[Annotator "NA"]
[PlyCount "41"]
[EventDate "2019.07.02"]
[EventCountry "CZE"]
[SourceTitle "playchess.com"]
[Source "ChessBase"]
[SourceQuality "1"]
[TimeControl "5400+30"]

1. d4 Nf6 2. Bf4 d6 3. e3 g6 4. Nd2 Bg7 5. Ngf3 O-O 6. c3 b6 7. Bd3 Bb7 8. Qe2 Nh5 9. Bg3 Nxg3 10. hxg3 e5 11. e4 exd4 12. Nxd4 c5 13. N4f3 f5 14. O-O-O fxe4 15. Nxe4 d5 16. Neg5 Re8 17. Qc2 Bf6 18. Nxh7 Kg7 19. Bxg6 Re6 20. Nxf6 Kxf6 21. Rh7 1-0

[Event "Ceske Budejovice Open-A 2019"]
[Site "Ceske Budejovice"]
[Date "2019.07.07"]
[Round "9.22"]
[White "Brhlik, Antonin"]
[Black "Baloun, Tomas"]
[Result "0-1"]
[ECO "B38"]
[WhiteElo "1639"]
[BlackElo "1887"]
[Annotator "NA"]
[PlyCount "135"]
[EventDate "2019.07.02"]
[EventCountry "CZE"]
[SourceTitle "playchess.com"]
[Source "ChessBase"]
[SourceQuality "1"]
[TimeControl "5400+30"]

1. e4 c5 2. Nf3 Nc6 3. d4 cxd4 4. Nxd4 g6 5. c4 Bg7 6. Be3 Nf6 7. Nc3 O-O 8. Be2 d6 9. O-O Bd7 10. f3 Ne5 11. Qd2 Rc8 12. b3 a6 13. Rac1 h5 14. h4 Nh7 15. g3 Re8 16. Kg2 Qa5 17. Rfd1 Rcd8 18. Rf1 Nc6 19. Rh1 Nf6 20. Rhd1 Nxd4 21. Bxd4 Bc6 22. Qe3 Nd7 23. Bxg7 Kxg7 24. Qd4+ Qe5 25. Qxe5+ dxe5 26. b4 b6 27. Rd3 Nb8 28. Rcd1 Rd7 29. Rxd7 Bxd7 30. Nd5 b5 31. cxb5 Bxb5 32. Bxb5 axb5 33. Rd2 Rd8 34. Rc2 e6 35. Ne3 Rd4 36. Rc8 Nd7 37. Nc2 Rd2+ 38. Kf1 Nb6 39. Rc3 Nc4 40. Ke1 Rg2 41. a4 Rxg3 42. Kf2 Rh3 43. Kg2 Rxh4 44. Rxc4 bxc4 45. a5 f5 46. a6 fxe4 47. Kg3 Rf4 48. fxe4 Rf7 49. b5 Ra7 50. Nb4 c3 51. Kh4 Kh6 52. Kg3 g5 53. b6 Rxa6 54. Nxa6 c2 55. b7 c1=Q 56. b8=Q h4+ 57. Kg2 Qd2+ 58. Kg1 Qe1+ 59. Kh2 Qe2+ 60. Kh1 Qxe4+ 61. Kg1 Qe1+ 62. Kg2 Qe2+ 63. Kg1 Qxa6 64. Qh8+ Kg6 65. Qe8+ Kf5 66. Qf7+ Kg4 67. Qf2 Qd3 68. Qf1 0-1

[Event "Ceske Budejovice Open-A 2019"]
[Site "Ceske Budejovice"]
[Date "2019.07.07"]
[Round "9.24"]
[White "Hlavsa, Filip"]
[Black "Petras, Milan"]
[Result "0-1"]
[ECO "A41"]
[WhiteElo "1843"]
[BlackElo "1935"]
[Annotator "NA"]
[PlyCount "46"]
[EventDate "2019.07.02"]
[EventCountry "CZE"]
[SourceTitle "playchess.com"]
[Source "ChessBase"]
[SourceQuality "1"]
[TimeControl "5400+30"]

1. d4 d6 2. e4 g6 3. c4 Bg7 4. Nc3 e5 5. d5 f5 6. f3 Nf6 7. Bd3 O-O 8. Be3 f4 9. Bf2 g5 10. Qc2 c5 11. dxc6 bxc6 12. Nge2 c5 13. Nd5 Nc6 14. Nxf6+ Rxf6 15. Nc3 Rb8 16. Nd5 Rf7 17. Qd2 Bf6 18. g4 fxg3 19. hxg3 g4 20. f4 exf4 21. Rh6 Bg7 22. Rh5 Rxb2 23. Qc1 Qa5+ 0-1

[Event "Ceske Budejovice Open-A 2019"]
[Site "Ceske Budejovice"]
[Date "2019.07.07"]
[Round "9.25"]
[White "Chval, Petr"]
[Black "Matyska, Jiri"]
[Result "1/2-1/2"]
[ECO "C00"]
[WhiteElo "1885"]
[BlackElo "1912"]
[Annotator "NA"]
[PlyCount "33"]
[EventDate "2019.07.02"]
[EventCountry "CZE"]
[SourceTitle "playchess.com"]
[Source "ChessBase"]
[SourceQuality "1"]
[TimeControl "5400+30"]

1. e4 e6 2. d4 b6 3. Bd3 Bb7 4. Nc3 Bb4 5. Nge2 d5 6. O-O Ne7 7. a3 Bxc3 8. Nxc3 c5 9. Qg4 Nd7 10. exd5 Nxd5 11. Nxd5 Bxd5 12. Qxg7 Qf6 13. Qxf6 Nxf6 14. dxc5 bxc5 15. c4 Bb7 16. Be3 Rg8 17. g3 1/2-1/2